 Dungeon Crawl Stone Soup version 0.27-a0-1081-ge8a0a9c698 (webtiles) character file.

Game seed: 13943392532238771027

3480 robertstho the Thaumaturge (level 10, -1/66 HPs)
             Began as a Djinni Fire Elementalist on Apr 25, 2021.
             Was a Priest of Ashenzari.
             Hit by a boomerang thrown by an orc warrior (16 damage)
             ... on level 8 of the Dungeon.
             The game lasted 00:19:27 (12348 turns).

robertstho the Thaumaturge (DjFE)                  Turns: 12348, Time: 00:19:29

Health: -1/66      AC: 12    Str:  7    XL:     10   Next: 7%
Gold:   589        EV: 18    Int: 21    God:    Ashenzari [***...] SH:  0 Dex: 13

rFire    + + .     SeeInvis +   i - +0 dagger (elec)
rCold    x . .     Faith    .   (no shield)
rNeg     . . .     Spirit   .   F - +0 steam dragon scales of the Mantic Moon {Cun, Range} (curse)
rPois    ∞         Reflect  .   q - +1 helmet of Ashenzari's Planets {Fort, Self} (curse)
rElec    .         Harm     .   y - +1 cloak
rCorr    .         Rampage  .   u - +2 pair of gloves "Prison of the Bound God" {Cun, Melee} (curse)
Will     +....     Clarity  +   (boots unavailable)
Stlth    ++++......             C - amulet of the acrobat
HPRegen  0.21/turn              m - ring of Supernal Wisdom {EV+4, Self, Cun} (curse)
MPRegen  0.00/turn              (no ring)

@: flying
A: fire resistance 2, cold vulnerability 1, float, innate caster, hp casting,
extra vitality 1
a: Renounce Religion, Curse Item, Shatter the Chains


You were on level 8 of the Dungeon.
You worshipped Ashenzari.
Ashenzari was most pleased with you.
You visited 2 branches of the dungeon, and saw 9 of its levels.
You also visited: Bailey.

You collected 793 gold pieces.
You spent 204 gold pieces at shops.

Inventory:

Hand Weapons
 f - a +2 short sword of flaming
 i - a +0 dagger of electrocution (weapon)
 r - the +6 arbalest of the Lame Duck {freeze, Drain rC+ Will++ Dex+2}
   (You found it in a bailey)

   It causes projectiles fired from it to freeze those they strike, causing
   extra injury to most foes and up to half again as much damage against
   particularly susceptible opponents.
   They can also slow down cold-blooded creatures.
   It affects your dexterity (+2).
   It protects you from cold.
   It drains your maximum health when unequipped.
   It greatly increases your willpower.
 B - a +1 morningstar of protection
 G - a +3 vorpal hunting sling
Missiles
 l - 3 boomerangs of dispersal
 s - 126 stones
 t - 89 sling bullets
Armour
 a - a +0 robe
 q - the cursed +1 helmet of Ashenzari's Planets (worn) {Fort, Self}
   (You took it off Robin on level 4 of the Dungeon)

   It has a curse which improves the following skills: Fortitude: Armour and
   Shields.
   Introspection: Fighting and Spellcasting.
 u - the cursed +2 pair of gloves "Prison of the Bound God" (worn) {Cun, Melee}
   (You found it on level 4 of the Dungeon)

   It has a curse which improves the following skills: Cunning: Dodging and
   Stealth.
   Melee Combat: Short Blades, Long Blades, Axes, Maces & Flails, Polearms,
   Staves and Unarmed Combat.
 y - a +1 cloak (worn)
 F - the cursed +0 steam dragon scales of the Mantic Moon (worn) {Cun, Range}
   (You found it on level 7 of the Dungeon)

   It has a curse which improves the following skills: Cunning: Dodging and
   Stealth.
   Ranged Combat: Slings, Bows, Crossbows and Throwing.
Jewellery
 m - the cursed ring of Supernal Wisdom (left hand) {EV+4, Self, Cun}
   (You found it on level 5 of the Dungeon)

   [ring of evasion]

   It affects your evasion (+4).
   It has a curse which improves the following skills: Introspection: Fighting
   and Spellcasting.
   Cunning:   Dodging and Stealth.
 C - an amulet of the acrobat (around neck)
Wands
 k - a wand of iceblast (15)
 A - a wand of acid (7)
 E - a wand of paralysis (8)
Scrolls
 c - 5 scrolls of teleportation
 e - 3 scrolls of enchant weapon
 n - 3 scrolls of fog
 p - a scroll of fear
 x - a scroll of blinking
Potions
 b - 2 potions of might
 d - a potion of attraction
 g - 2 potions of lignification
 h - 2 potions of berserk rage
 j - 2 potions of mutation
 o - a potion of haste
 w - 2 potions of brilliance
 z - a potion of curing
 D - a potion of resistance


   Skills:
 + Level 1.1(2.9) Fighting
 + Level 3.5(6.9) Dodging
 + Level 4.1(7.6) Stealth
 * Level 11.1(13.8) Spellcasting


You had 11 spell levels left.
You knew the following spells:

 Your Spells              Type           Power      Damage    Failure   Level
a - Foxfire               Conj/Fire      100%       2x1d9     0%          1
b - Conjure Flame         Conj/Fire      64%        6-21      1%          3
c - Inner Flame           Hex/Fire       64%        N/A       1%          3
d - Sticky Flame          Conj/Fire      64%        2d8       1%          4
e - Fireball              Conj/Fire      32%        3d14      1%          5
f - Summon Small Mammal   Summ           100%       N/A       0%          1
g - Poisonous Vapours     Pois/Air       100%       N/A       1%          2
h - Swiftness             Air            64%        N/A       1%          3
i - Dazzling Flash        Conj/Hex       100%       N/A       1%          3
Your spell library was empty.

Dungeon Overview and Level Annotations

Branches:
Dungeon (8/15)             Temple (1/1) D:4          Bailey (visited)
   Lair: D:8-11

Altars:
Ashenzari
Fedhas
Gozag
Hepliaklqana
Makhleb
Nemelex Xobeh
Qazlal
Sif Muna
Uskayaw
Wu Jian
Zin
The Shining One

Shops:
D:3 *!:*   D:6 *


Innate Abilities, Weirdness & Mutations

You are immune to poison.
Your flesh is very heat resistant. (rF++)
You are vulnerable to cold. (rC-)
You float through the air rather than walking.
You learn spells naturally, not from books.
Your magical power is your life essence.
You have superior vitality. (+4 HP)


Message History

There is an open door here.
The wyvern hisses menacingly.
The necrophage hits you.
The howler monkey hoots and howls with incredible vigour!
You hear a shout!
Casting: Sticky Flame (safe; 1% risk of failure)
Confirm with . or Enter, or press ? or * to list all spells.
Aiming: Sticky Flame (safe; 1% risk of failure)
Press: ? - help, Shift-Dir - straight line, f - wyvern, p - necrophage
Aim: a wyvern (100% to hit)
The sticky flame hits the wyvern.
The wyvern is moderately wounded.
The wyvern is covered in liquid flames!
The wyvern burns!
The wyvern bites you!
* * * LOW HITPOINT WARNING * * *
The wyvern completely misses you.
The wyvern burns!
Okay, then.
You feel better.
The wyvern burns!
The wyvern misses you. The wyvern barely misses you.
The wyvern burns!
You kill the wyvern!
There are monsters nearby!
Something unseen opens the door.
A mummy comes into view.
Ashenzari invites you to partake of a vision and a curse of evocations and ranged combat.
Casting: Sticky Flame (safe; 1% risk of failure)
Confirm with . or Enter, or press ? or * to list all spells.
Aiming: Fireball (dangerous; 1% risk of failure)
Press: ? - help, Shift-Dir - straight line, f - necrophage
Aim: a necrophage (heavily damaged)
The fireball explodes!
The fireball engulfs the necrophage!!
You destroy the necrophage!
The fireball engulfs the mummy!!
The mummy is burned terribly!
You destroy the mummy!
The fireball engulfs the howler monkey!!
You kill the howler monkey!
* * * LOW HITPOINT WARNING * * *
You hear a shout!
The orc warrior throws a boomerang.
The boomerang hits you!
You die...

,* #.....#######...# ,
.....#....#.o... ,,,, *
, #...+n...#o.... , ,
*** ###..#..{{'..... , *
##.##.h##########
,##...##....###..## .,
**.....##...#.....#
....#####'#####..#.....#
.......@......o..#.....#
,
...####..†.......#....##
, ############....## , ,
* #...............# *,
,,######..............#
#..[##..............# ,
#.....).............#
,,,
#...###+++###.......# ,
,,#..## , ,##......#


You could see an orc warrior.

Vanquished Creatures
  Joseph (D:7)
  Grinder (D:5)
  Sigmund (D:2)
  A wyvern (D:8)
  2 steam dragons
  A water moccasin (D:6)
  A black bear (D:4)
  3 orc warriors (Bailey)
  2 necrophages
  2 sky beasts (D:5)
  3 ogres
  A bullfrog (D:7)
  2 gnoll sergeants (D:6)
  A water moccasin zombie (D:5)
  2 water moccasin skeletons
  2 howler monkeys (D:8)
  2 lava snakes (D:7)
  2 jellies
  A gnoll shaman (D:8)
  Crazy Yiuf (D:2)
  3 hounds
  2 centaur skeletons (D:7)
  Natasha (thrice) (D:2)
  5 iguanas
  5 orc wizards
  A killer bee zombie (D:6)
  A mummy (D:8)
  Robin (D:4)
  14 gnolls
  8 adders
  A shadow imp (D:5)
  3 white imps
  An adder skeleton (D:5)
  2 worms
  5 dart slugs
  21 orcs
  8 ball pythons
  4 bats
  8 endoplasms
  5 giant cockroaches
  18 goblins
  10 hobgoblins
  7 jackals
  3 quokkas
  5 frilled lizards
  13 kobolds
  6 rats
195 creatures vanquished.

Vanquished Creatures (others)
  623 foxfires
  A plant (D:3)
624 creatures vanquished.

Grand Total: 819 creatures vanquished

Notes
Turn   | Place    | Note
-------+----------+-------------------------------------------
     0 | D:1      | robertstho the Djinni Fire Elementalist began the quest for
                  | the Orb.
     0 | D:1      | Reached XP level 1. HP: 15/15 MP: 0/0
   278 | D:1      | Reached skill level 3 in Spellcasting
   422 | D:1      | Reached XP level 2. HP: 19/21 MP: 0/0
   511 | D:1      | Found a faded altar of an unknown god.
  1615 | D:1      | Reached XP level 3. HP: 21/25 MP: 0/0
  1615 | D:1      | Learned a level 1 spell: Summon Small Mammal
  2212 | D:2      | Noticed Natasha
  2223 | D:2      | HP: 1/25 [Natasha/magic dart (10)]
  2995 | D:2      | Noticed Sigmund
  3007 | D:2      | Killed Sigmund
  3008 | D:2      | Reached skill level 5 in Spellcasting
  3008 | D:2      | Reached XP level 4. HP: 15/31 MP: 0/0
  3008 | D:2      | Reached XP level 5. HP: 18/36 MP: 0/0
  3008 | D:2      | Learned a level 2 spell: Poisonous Vapours
  3619 | D:2      | Reached XP level 6. HP: 40/41 MP: 0/0
  3644 | D:2      | Found a runed translucent door.
  3645 | D:2      | Noticed Crazy Yiuf
  3760 | D:2      | Killed Natasha
  3766 | D:2      | Noticed Natasha
  3776 | D:2      | Killed Natasha
  3945 | D:2      | Noticed Natasha
  4015 | D:2      | Killed Natasha
  4307 | D:2      | Killed Crazy Yiuf
  4531 | D:3      | Found Mibrisat's Assorted Antiques.
  4621 | D:3      | Bought a scroll labelled LIOCEN AVVU for 24 gold pieces
  4621 | D:3      | Bought a scroll labelled FINTOCI XETY for 24 gold pieces
  4971 | D:3      | Found Ehothref's Magic Scroll Emporium.
  4986 | D:3      | Found Veplisae's Distillery.
  5121 | D:3      | Found Iroxam's Assorted Antiques.
  5211 | D:3      | Found Zeoxt's Book Shop.
  5862 | D:4      | Reached skill level 6 in Spellcasting
  5862 | D:4      | Reached XP level 7. HP: 39/46 MP: 0/0
  5862 | D:4      | Learned a level 3 spell: Swiftness
  5996 | D:4      | Noticed Robin
  6001 | D:4      | Killed Robin
  6950 | D:4      | Found a staircase to the Ecumenical Temple.
  7011 | Temple   | Entered the Ecumenical Temple
  7028 | Temple   | Became a worshipper of Ashenzari the Shackled
  7966 | D:5      | Entered Level 5 of the Dungeon
  8162 | D:5      | Reached skill level 7 in Spellcasting
  8187 | D:5      | Reached XP level 8. HP: 43/51 MP: 0/0
  8341 | D:5      | Noticed Grinder
  8345 | D:5      | Paralysed by Grinder for 2 turns
  8351 | D:5      | Killed Grinder
  8352 | D:5      | Reached skill level 8 in Spellcasting
  8443 | D:5      | Reached skill level 1 in Fighting
  8708 | D:5      | Reached * piety under Ashenzari
  9201 | D:6      | Reached skill level 9 in Spellcasting
  9229 | D:6      | Reached XP level 9. HP: 35/58 MP: 0/0
  9229 | D:6      | Learned a level 3 spell: Dazzling Flash
  9671 | D:6      | Reached ** piety under Ashenzari
  9842 | D:6      | Found Xorphehi's Assorted Antiques.
  9848 | D:6      | Bought a scroll labelled METHRI WUPHOSHRE for 26 gold
                  | pieces
  9848 | D:6      | Bought a triangular peridot amulet for 130 gold pieces
 11175 | D:7      | Reached *** piety under Ashenzari
 11185 | D:7      | Reached skill level 10 in Spellcasting
 11311 | D:7      | Noticed Joseph
 11313 | D:7      | Killed Joseph
 11579 | D:8      | Found a flagged portal.
 11588 | Bailey   | Entered a bailey
 12156 | Bailey   | Identified the +6 arbalest of the Lame Duck {freeze, Drain
                  | rC+ Will++ Dex+2}
 12156 | Bailey   | Found an iron altar of Okawaru.
 12248 | D:8      | Reached skill level 11 in Spellcasting
 12248 | D:8      | Reached XP level 10. HP: 9/66 MP: 0/0
 12348 | D:8      | Hit by a boomerang thrown by an orc warrior

Illustrated notes

Levels and vault maps discovered:
D:1:      scummos_arrival_hexagon, layout_basic,
          hellmonk_ecumenical_altar_lost_god
D:2:      layout_loops_ring, grunt_decor_one_mirror, uniq_sigmund, uniq_natasha,
          uniq_crazy_yiuf_cottage
D:3:      layout_basic, serial_shops, nicolae_shop_waterfront, shop_fountains,
          shop, nicolae_shop_waterfront, nicolae_shop_trees, minivault_23,
          st_stairs_12, minmay_shallow_snake_nest
D:4:      layout_basic, minmay_temple_entry_arrows, uniq_robin
D:5:      layout_cave_pods, uniq_grinder
D:6:      layout_basic, serial_shops, shop
D:7:      layout_loops_ring, chequers_avenue, kennysheep_small_spiral,
          glass_columns_c, uniq_joseph
D:8:      layout_gridville, enter_bailey_3, gup_ossuary_entry_pyramid,
          kennysheep_another_room, hangedman_abyss_or_decor_lesser_grid,
          kennysheep_cluttered_room, grunt_ministairs_1
Temple:   compressed_dpeg_triangle_lava_temple

Skill      XL: |  1  2  3  4  5  6  7  8  9 |
---------------+----------------------------+-----
Spellcasting   | 3 5 6 7 9 11 | 11.1
Stealth        | 2 3 4 |  4.1
Dodging        | 3 |  3.5
Fighting       | 1 |  1.1

Action                   |  1- 3 |  4- 6 |  7- 9 | 10-12 || total
-------------------------+-------+-------+-------+-------++-------
Melee: Short sword       |       |     1 |       |       ||     1
       Dagger            |       |       |    12 |       ||    12
 Cast: Foxfire           |    96 |   105 |   180 |       ||   381
       Sticky Flame      |       |     3 |     6 |     2 ||    11
       Conjure Flame     |       |     1 |     1 |       ||     2
       Fireball          |       |       |    58 |     1 ||    59
       Dazzling Flash    |       |       |     1 |       ||     1
Invok: Curse Item        |       |       |     4 |       ||     4
Evoke: Wand              |       |       |     1 |       ||     1
  Use: Scroll            |     1 |     2 |       |       ||     3
       Potion            |     1 |       |       |     2 ||     3
 Stab: Invisible         |       |       |     2 |       ||     2
Armor: Robe              |     3 |    10 |     8 |       ||    21
       Steam dragon scal |       |       |     2 |       ||     2
Dodge: Dodged            |    18 |    40 |    47 |    11 ||   116

Table legend: (Time is in decaauts)
 A = Elapsed time spent in this place.
 B = Non-inter-level travel time spent in this place.
 C = Inter-level travel time spent in this place.
 D = Time resting spent in this place.
 E = Time spent auto-exploring this place.
 F = Levels seen in this place.
 G = Mean time per level.
                   A        B        C        D        E       F      G
               +--------+--------+--------+--------+--------+-----+--------+
         Total |  12359 |  11815 |    544 |   1053 |   9318 |  10 | 1235.9 |
       Dungeon |  11730 |  11193 |    537 |    813 |   9019 |   8 | 1466.2 |
        Temple |     24 |     17 |      7 |      0 |      9 |   1 |   24.0 |
        Bailey |    604 |    604 |      0 |    240 |    290 |   1 |  604.0 |
               +--------+--------+--------+--------+--------+-----+--------+

Top non-repeatable levels by time:
     D:1: 2724 daAuts
     D:2: 2180 daAuts
     D:4: 1716 daAuts
     D:6: 1453 daAuts
     D:3: 1333 daAuts
     D:5: 1210 daAuts
     D:7: 920 daAuts
  Bailey: 604 daAuts
     D:8: 191 daAuts
  Temple: 24 daAuts
